 Dungeon Crawl Stone Soup version 0.23-a0-395-gcf17ac6 (webtiles) character file.

171 BingusPrime the Insei (level 5, 0/40 HPs)
             Began as a Draconian Transmuter on Nov 1, 2018.
             Shot with an arrow by a centaur (1 damage)
             ... on level 6 of the Dungeon.
             The game lasted 00:07:57 (2186 turns).

BingusPrime the Insei (Draconian Transmuter)        Turns: 2186, Time: 00:07:57

Health: 0/40       AC:  6    Str: 12    XL:     5   Next: 26%
Magic:  3/9        EV:  9    Int: 14    God:
Gold:   167        SH:  7    Dex: 12    Spells: 6/9 levels left

rFire    . . .     SeeInvis .     - Unarmed
rCold    . . .     Gourm    .   f - +0 shield
rNeg     . . .     Faith    .   (armour unavailable)
rPois    .         Spirit   .   (helmet restricted)
rElec    .         Reflect  .   (no cloak)
rCorr    .         Harm     .   d - +0 pair of gloves
MR       .....                  (no boots)
Stlth    +.........             (no amulet)
HPRegen  0.13/turn              (no ring)
MPRegen  0.11/turn              (no ring)

@: very slightly contaminated, slowed, very slow
A: unfitting armour, cold-blooded, AC +5
a: no special abilities


You were on level 6 of the Dungeon.
You were not hungry.

You visited 1 branch of the dungeon, and saw 4 of its levels.

You collected 167 gold pieces.

Inventory:

Missiles
 a - 42 arrows
Armour
 d - a +0 pair of gloves (worn)
 f - a +0 shield (worn)
Scrolls
 g - a scroll of teleportation
 h - a scroll of remove curse
Potions
 e - 2 potions of curing {unknown}
 i - a potion of degeneration {unknown}
 k - a potion of agility {unknown}
 l - 2 potions of heal wounds
 n - a potion of ambrosia {unknown}
Comestibles
 c - 7 rations


   Skills:
 + Level 1.2 Fighting
 + Level 2.1 Dodging
 + Level 0.2 Stealth
 + Level 0.9 Shields
 * Level 4.8 Unarmed Combat
 + Level 2.7 Spellcasting
 * Level 2.8 Transmutations


You had 6 spell levels left.
You knew the following spells:

 Your Spells              Type           Power        Failure   Level  Hunger
a - Beastly Appendage     Tmut           #.....       38%         1    #......
b - Sticks to Snakes      Tmut           #.......     54%         2    ###....

Your spell library contained the following spells:

 Spells                   Type           Power        Failure   Level  Hunger
 Spider Form              Tmut/Pois      #.........   92%         3    ###....
 Ice Form                 Ice/Tmut       #.......     100%        4    #####..
 Blade Hands              Tmut           #.........   100%        5    ######.


Dungeon Overview and Level Annotations

Branches:
Dungeon (3/15)

Altars:
Wu Jian


Innate Abilities, Weirdness & Mutations

Your plain brown scales are hard. (AC +5)
You cannot fit into any form of body armour.
You are cold-blooded and may be slowed by cold attacks.


Message History

The centaur wields a +2 shortbow of freezing.
It is covered in frost.
The centaur shoots an arrow.
You block the arrow.
Found a ration.
You see here an arrow.
Your transformation is almost over.
The centaur shoots an arrow.
The arrow hits you.
* * * LOW HITPOINT WARNING * * *
The arrow freezes you.
* * * LOW HITPOINT WARNING * * *
You hear a croak.
Found a stone staircase leading down.
You see here an arrow.
The centaur shoots an arrow.
The arrow closely misses you.
A bullfrog comes into view.
Found a runed ring mail.
Your horns disappear.
The centaur shoots an arrow.
The arrow hits you!
* * * LOW HITPOINT WARNING * * *
You feel yourself slow down. The arrow freezes you.
You die...

#### ≈≈≈≈≈≈ ≈≈≈≈ ≈≈≈≈≈ ≈
≈≈≈≈≈ ≈≈≈≈ ≈≈ ... ...
... . ... .. .##..#
.#.##>##.#.......
......([...# #.#
.......@### #.#####
.#.##.....#####.....#
#.....##.(..##..)..####
#..#..#####c....†......
..............F.††..###.
#..#......#####..†..###
#. ..##.. #(........ ...
. .............###
....#.####.###


You could see a bullfrog and a centaur.

Vanquished Creatures
  A bullfrog (D:6)
  A hound zombie (D:6)
  2 adders (D:2)
  3 worms
  2 leopard geckos
  6 orcs (D:3)
  5 giant cockroaches
  8 hobgoblins
  4 jackals
  10 kobolds
  2 ball pythons (D:1)
  5 bats
  10 goblins
  3 rats (D:2)
62 creatures vanquished.

Vanquished Creatures (collateral kills)
  A gnoll (D:6)
  A goblin (D:2)
  3 jackals (D:6)
5 creatures vanquished.

Grand Total: 67 creatures vanquished

Notes
Turn   | Place    | Note
-------+----------+-------------------------------------------
     0 | D:1      | BingusPrime the Draconian Transmuter began the quest for
                  | the Orb.
     0 | D:1      | Reached XP level 1. HP: 16/16 MP: 3/3
   329 | D:1      | Reached XP level 2. HP: 22/23 MP: 3/5
   883 | D:2      | Reached XP level 3. HP: 20/28 MP: 6/6
  1117 | D:2      | Learned a level 2 spell: Sticks to Snakes
  1158 | D:2      | Reached skill level 4 in Unarmed Combat
  1209 | D:2      | Found an ornate altar of the Wu Jian Council.
  1415 | D:2      | Reached XP level 4. HP: 34/35 MP: 2/7
  2140 | D:3      | You fall through a shaft for 3 floors!
  2140 | D:6      | Noticed a bullfrog
  2148 | D:6      | Killed a bullfrog
  2148 | D:6      | Reached XP level 5. HP: 32/40 MP: 0/9
  2177 | D:6      | Noticed a centaur
  2186 | D:6      | HP: 1/40 [centaur/arrow (7)]
  2186 | D:6      | Shot with an arrow by a centaur

Vault maps used:
D:1:      dpeg_arrival_court, minmay_cut_off
D:2:      cheibrodos_greedy_goblins, nicolae_overflow_crystal_walls,
          kennysheep_boxes
D:3:      lemuel_crystal_altar, cheibrodos_sewer_entry_bend
D:6:      lemuel_castle_with_subvaults, lemuel_crystal_altar, serial_shops,
          shop, minmay_manual_mail

Skill      XL: |  1  2  3  4  5 |
---------------+----------------+-----
Unarmed Combat | 4 |  4.8
Dodging        | 2 |  2.1
Fighting       | |  1.2
Stealth        | |  0.2
Shields        | |  0.9
Spellcasting   | |  2.7
Transmutations | |  2.8

Action                   |  1- 3 |  4- 6 || total
-------------------------+-------+-------++-------
Melee: Unarmed           |   118 |    89 ||   207
       Tailslap          |     8 |     9 ||    17
       Headbutt          |     3 |     5 ||     8
       Kick              |    10 |     8 ||    18
       Punch             |     1 |     1 ||     2
 Cast: Beastly Appendage |    19 |     6 ||    25
       Sticks to Snakes  |     3 |     2 ||     5
  Use: Scroll            |       |     6 ||     6
 Stab: Distracted        |       |     1 ||     1
  Eat: Chunk             |     2 |     3 ||     5
Armor: Skin              |    35 |    33 ||    68
Dodge: Dodged            |    61 |    47 ||   108
Block: Shield            |       |    37 ||    37

Table legend:
 A = Non-vault XP
 B = Vault XP
 C = Vault XP percentage of total XP
 D = Non-vault monster count
 E = Vault monster count
 F = Vault count percentage of total count
                 A         B        C        D         E       F
            +---------+---------+-------+---------+---------+-------
      Total |     208 |      37 |  15.1 |      52 |      15 |  22.4
            +---------+---------+-------+---------+---------+-------
        D:1 |      26 |       0 |   0.0 |      15 |       0 |   0.0
        D:2 |      66 |      19 |  22.4 |      22 |      10 |  31.2
        D:3 |      27 |       0 |   0.0 |      11 |       0 |   0.0
        D:6 |      89 |      18 |  16.8 |       4 |       5 |  55.6
            +---------+---------+-------+---------+---------+-------
